 Dungeon Crawl Stone Soup version 0.30-a0-476-g330ca2eb8e (webtiles) character file.

Game seed: 8546747126182637545

653 avis the Stinger (level 7, -1/82 HPs)
             Began as a Naga Venom Mage on Dec 21, 2022.
             Splashed by a jelly's acid (4 damage)
             ... on level 5 of the Dungeon.
             The game lasted 00:43:41 (5423 turns).

avis the Stinger (Naga Venom Mage)                  Turns: 5423, Time: 00:43:42

Health: -1/82      AC: 30    Str: 10    XL:     7   Next: 54%
Magic:  8/22       EV:  1    Int: 17    God:
Gold:   241        SH:  0    Dex: 12    Spells: 4/14 levels left

rFire   . . .      SeeInvis +    z - +1 short sword (protect)
rCold   . . .      Faith    .    (no shield)
rNeg    . . .      Spirit   .    (body armour currently unavailable)
rPois   +          Reflect  .    (helmet currently unavailable)
rElec   .          Harm     .    (cloak currently unavailable)
rCorr   .          Rampage  .    (gloves currently unavailable)
Will    .....      NoTele   +    (no barding)
Stlth   ++........               G - amulet of the acrobat
HPRegen 0.33/turn                s - ring of magical power
MPRegen 0.18/turn                (no ring)

@: short of breath, tree-form, under a protective aura, studying Axes
A: stationary, stasis, torment immunity, boosted hp, AC +2, large, see
invisible, (deformed body), (poison resistance), (slowness 2), spit poison 1,
(naga tail 1)
a: Spit Poison


You were on level 5 of the Dungeon.
You were a tree.
You visited 1 branch of the dungeon, and saw 5 of its levels.
You also visited: Sewer.

You collected 241 gold pieces.

Inventory:

Hand Weapons
 a - a +2 dagger of speed
 b - a +2 dagger of freezing
 m - a +0 lajatang
 o - a +0 spear
 z - a +1 short sword of protection (weapon)
 A - a +0 war axe
Missiles
 x - 5 boomerangs
 y - 5 javelins
 D - 6 poisoned darts
Armour
 g - a +0 robe (melded)
 B - a +0 cloak (melded)
Magical Staves
 u - a staff of death
Jewellery
 s - a ring of magical power (left branch)
 G - an amulet of the acrobat (around neck)
Wands
 C - a wand of roots (6)
Scrolls
 d - a scroll of poison {unknown}
 f - 7 scrolls of identify {unknown}
 h - 2 scrolls of blinking {unknown}
 k - 2 scrolls of fear {unknown}
 n - a scroll of noise {unknown}
 p - 5 scrolls of teleportation {unknown}
 r - a scroll of vulnerability {unknown}
 t - 2 scrolls of brand weapon {unknown}
 F - a scroll of immolation {unknown}
Potions
 c - a potion of ambrosia {unknown}
 e - a potion of flight {unknown}
 i - 2 potions of magic
 j - 2 potions of mutation {unknown}
 l - 3 potions of lignification
 q - 2 potions of might {unknown}
 v - a potion of berserk rage
 w - a potion of heal wounds {unknown}
 E - a potion of haste {unknown}


   Skills:
 - Level 1.5 Dodging
 - Level 4.0 Stealth
 - Level 4.0 Spellcasting
 * Level 3.7 Conjurations
 - Level 1.0 Transmutations
 - Level 4.0 Air Magic
 - Level 6.0 Poison Magic


You had 4 spell levels left.
You knew the following spells:

 Your Spells              Type           Power      Damage    Failure   Level
a - Sting                 Tmut/Pois      60%        1d6       3%          1
i - Poisonous Vapours     Pois/Air       40%        N/A       3%          2
m - Mephitic Cloud        Conj/Pois/Air  18%        N/A       7%          3
r - Olgreb's Toxic Radia  Pois           23%        N/A       13%         4

Your spell library contained the following spells:

 Spells                   Type           Power      Damage    Failure   Level
 Magic Dart               Conj           64%        1d6       3%          1
 Call Imp                 Summ           3%         N/A       24%         2


Dungeon Overview and Level Annotations

Branches:
Dungeon (5/15)              Sewer (visited)
 Temple: D:4-7

Altars:
Gozag
Qazlal
Ru


Innate Abilities, Weirdness & Mutations

You are a tree.
Your roots penetrate the ground, keeping you stationary.
You cannot be teleported.
You are immune to unholy pain and torment.
Your maximum health is greatly increased.
Your equipment is partially melded.
((Your serpentine skin is tough. (AC +2)))
You have supernaturally acute eyesight. (SInv)
((Armour fits poorly on your strangely shaped body.))
((Your system is resistant to poisons. (rPois)))
((You cover ground very slowly.))
You can spit poison.
((You have a snake-like lower body.))


Message History

You hit the gnoll sergeant but do no damage.
The gnoll sergeant is severely wounded.
The gnoll looks even sicker.
You kill the gnoll!
The gnoll barely misses you.
The gnoll sergeant looks even sicker.
Your toxic aura wanes.
The gnoll hits you with a +0 club.
* * * LOW HITPOINT WARNING * * *
The gnoll hits itself with a +0 club!
The gnoll is killed!
The jelly misses you.
Your magical contamination has completely faded away.
Aiming: Spit Poison (1% risk of failure)
Press: ? - help, Shift-Dir - straight line, f - jelly
Aim: a jelly (100% to hit)
The splash of poison hits the jelly.
The jelly completely resists.
The jelly jiggles.
The jelly barely misses you.
Unknown command.
Your +1 short sword of protection hums with potential!
z - a +1 short sword of protection (weapon)
You hit the jelly.
Your weapon exudes an aura of protection.
Your hands burn!
* * * LOW HITPOINT WARNING * * *
The jelly is moderately wounded.
The jelly hits you but does no damage.
You hit the jelly.
Your hands burn!
* * * LOW HITPOINT WARNING * * *
The jelly is severely wounded.
The jelly barely misses you.
It was a potion of lignification.
You turn into a tree.
Your +0 cloak melds into your body.
Your +0 robe melds into your body.
Your roots penetrate the ground.
The jelly jiggles.
The jelly hits you but does no damage.
The gnoll sergeant hits you but does no damage.
You hit the jelly.
Your branches burn!
You die...

##.###############
........)).)......
.......♣..[..#####
....##g.J.##.# ..
##......# #......#
#......# #......#
#......# ######.#


You could see a gnoll sergeant (confused, very poisoned) and a jelly.

Vanquished Creatures
  A water moccasin (Sewer)
  A black bear (D:4)
  A phantom (D:4)
  A necrophage (D:4)
  An orc priest (D:4)
  An iguana (D:2)
  Ijyb (D:4)
  2 orc wizards
  4 gnolls (D:5)
  5 adders
  2 worms (D:2)
  3 dart slugs
  18 orcs
  5 ball pythons
  12 bats
  4 endoplasms
  2 giant cockroaches
  4 goblins
  10 hobgoblins
  3 quokkas
  2 frilled lizards
  6 kobolds
  10 rats
99 creatures vanquished.

Notes
Turn   | Place    | Note
-------+----------+-------------------------------------------
     0 | D:1      | avis the Naga Venom Mage began the quest for the Orb.
     0 | D:1      | Reached XP level 1. HP: 15/15 MP: 3/3
   355 | D:1      | Reached XP level 2. HP: 22/22 MP: 0/5
   890 | D:2      | Reached skill level 5 in Poison Magic
   890 | D:2      | Reached XP level 3. HP: 28/28 MP: 0/6
  1000 | D:2      | Learned a level 2 spell: Poisonous Vapours
  1004 | D:2      | Learned a level 3 spell: Mephitic Cloud
  1738 | D:2      | Reached skill level 6 in Poison Magic
  1738 | D:2      | Reached XP level 4. HP: 10/36 MP: 0/7
  1875 | D:2      | Reached skill level 1 in Air Magic
  2418 | D:3      | Found a sacrificial altar of Ru.
  2482 | D:3      | Found a glowing drain.
  2498 | Sewer    | Entered a sewer
  2616 | Sewer    | Reached XP level 5. HP: 42/42 MP: 8/8
  2705 | Sewer    | Noticed a water moccasin
  2722 | Sewer    | Killed a water moccasin
  2824 | D:3      | Reached XP level 6. HP: 47/49 MP: 9/9
  2891 | D:3      | Reached skill level 1 in Conjurations
  3290 | D:3      | Found an opulent altar of Gozag.
  3431 | D:3      | Found a stormy altar of Qazlal.
  3872 | D:3      | Learned a level 4 spell: Olgreb's Toxic Radiance
  4191 | D:4      | Noticed Ijyb
  4204 | D:4      | Killed Ijyb
  4244 | D:4      | Noticed a black bear
  4429 | D:4      | Reached XP level 7. HP: 36/55 MP: 12/12
  5156 | D:5      | Entered Level 5 of the Dungeon
  5421 | D:5      | HP: 2/55 [acid (2)]
  5423 | D:5      | Splashed by a jelly's acid

Illustrated notes

Levels and vault maps discovered:
D:1:      giann_bridges, layout_rooms, minivault_19
D:2:      minmay_angry_zag, layout_basic, ebering_dispersal_statue_hall
D:3:      layout_basic, mainiacjoe_overflow_catwalk, mainiacjoe_overflow_paths,
          grunt_qazlal_sundering, cheibrodos_sewer_entry_drain
D:4:      layout_basic, uniq_ijyb
D:5:      layout_basic

Skill      XL: |  1  2  3  4  5  6  7 |
---------------+----------------------+-----
Poison Magic   | 5 6 |  6.0
Stealth        | 4 |  4.0
Air Magic      | 2 4 |  4.0
Conjurations   | 2 3 |  3.7
Spellcasting   | 3 4 |  4.0
Dodging        | |  1.5
Transmutations | |  1.0

Action                   |  1- 3 |  4- 6 |  7- 9 || total
-------------------------+-------+-------+-------++-------
Melee: Unarmed           |     1 |       |       ||     1
       Spear             |     1 |       |       ||     1
       Dagger            |     2 |    79 |    19 ||   100
       Punch             |       |     1 |       ||     1
       Short sword       |       |       |     3 ||     3
 Cast: Sting             |    42 |    52 |     8 ||   102
       Poisonous Vapours |    12 |    62 |    13 ||    87
       Mephitic Cloud    |       |     6 |     5 ||    11
       Olgreb's Toxic Ra |       |       |     1 ||     1
 Abil: Spit Poison       |    20 |    27 |     4 ||    51
  Use: Potion            |       |       |     1 ||     1
 Stab: Sleeping          |       |     1 |     2 ||     3
       Confused          |       |     1 |       ||     1
Armor: Robe              |     5 |    15 |     3 ||    23
       Skin              |       |       |     2 ||     2
Dodge: Dodged            |     9 |    34 |    17 ||    60

Table legend: (Time is in decaauts)
 A = Elapsed time spent in this place.
 B = Non-inter-level travel time spent in this place.
 C = Inter-level travel time spent in this place.
 D = Time resting spent in this place.
 E = Time spent auto-exploring this place.
 F = Levels seen in this place.
 G = Mean time per level.
                   A        B        C        D        E       F      G
               +--------+--------+--------+--------+--------+-----+--------+
         Total |   6421 |   5789 |    632 |   2208 |   2286 |   6 | 1070.2 |
       Dungeon |   6085 |   5453 |    632 |   1995 |   2277 |   5 | 1217.0 |
         Sewer |    335 |    335 |      0 |    213 |      9 |   1 |  335.0 |
               +--------+--------+--------+--------+--------+-----+--------+

Top non-repeatable levels by time:
     D:4: 1742 daAuts
     D:2: 1611 daAuts
     D:3: 1570 daAuts
     D:1: 1119 daAuts
   Sewer: 335 daAuts
     D:5: 42 daAuts
